 Dungeon Crawl Stone Soup version 0.29-a0-732-g3d7fbe0af2 (webtiles) character file.

Game seed: 4634926120160427063

7438 crusatyr the Geomancer (level 11, -1/73 HPs)
             Began as a Gargoyle Earth Elementalist on June 29, 2022.
             Was a Believer of Sif Muna.
             Slain by a vampire (5 damage)
             ... on level 10 of the Dungeon.
             The game lasted 00:32:55 (12809 turns).

crusatyr the Geomancer (GrEE)                      Turns: 12809, Time: 00:32:56

Health: -1/73      AC: 15    Str: 12    XL:     11   Next: 15%
Magic:  6/17       EV: 11    Int: 26    God:    Sif Muna [**....]
Gold:   655        SH:  0    Dex: 10    Spells: 14/18 levels left

rFire   + . .      SeeInvis .   J - +6 dagger
rCold   . . .      Faith    .   (no shield)
rNeg    + . .      Spirit   .   x - +1 robe {rF+}
rPois   ∞          Reflect  .   f - +0 helmet
rElec   +          Harm     .   (no cloak)
rCorr   .          Rampage  .   U - +0 pair of gloves {infuse}
Will    +....                   P - +1 pair of boots
Stlth   +++.......              (no amulet)
HPRegen 0.22/turn               l - +6 ring of intelligence
MPRegen 0.15/turn               m - ring of willpower

@: no status effects
A: sickness immunity, AC +8, negative energy resistance 1, electricity
resistance, torment resistance 1, petrification resistance
a: Renounce Religion, Channel Magic


You were on level 10 of the Dungeon.
You worshipped Sif Muna.
Sif Muna was pleased with you.
You visited 2 branches of the dungeon, and saw 11 of its levels.
You also visited: Ossuary and Bailey.

You collected 766 gold pieces.
You spent 111 gold pieces at shops.

Inventory:

Hand Weapons
 i - a +0 whip
 J - a +6 dagger (weapon)
 N - a +0 dagger of electrocution
Missiles
 c - 86 stones
 V - a throwing net
Armour
 f - a +0 helmet (worn)
 x - a +1 robe of fire resistance (worn)
 P - a +1 pair of boots (worn)
 U - a +0 pair of gloves of infusion (worn)
Magical Staves
 v - a staff of cold
Jewellery
 a - a ring of see invisible
 j - a +6 ring of intelligence
 l - a +6 ring of intelligence (left hand)
 m - a ring of willpower (right hand)
 G - a +4 ring of slaying
 T - a ring of protection from cold
Wands
 z - a wand of digging (8)
 M - a wand of mindburst (9)
 Q - a wand of flame (15)
 R - a wand of polymorph (5)
 S - a wand of charming (9)
Scrolls
 e - a scroll of fog {unknown}
 o - 11 scrolls of identify {unknown}
 r - 4 scrolls of blinking {unknown}
 s - 4 scrolls of brand weapon {unknown}
 u - a scroll of poison {unknown}
 w - 2 scrolls of enchant armour {unknown}
 y - 2 scrolls of torment {unknown}
 A - a scroll of immolation {unknown}
 C - a scroll of fear {unknown}
 D - 6 scrolls of teleportation {unknown}
 F - 5 scrolls of noise {unknown}
 I - 2 scrolls of vulnerability {unknown}
 K - a scroll of silence {unknown}
 L - a scroll of acquirement {unknown}
Potions
 b - 4 potions of magic
 d - 6 potions of haste
 g - 2 potions of attraction {unknown}
 h - 3 potions of curing {unknown}
 k - 2 potions of degeneration {unknown}
 n - 3 potions of heal wounds {unknown}
 p - 5 potions of lignification {unknown}
 q - 4 potions of brilliance {unknown}
 t - a potion of might {unknown}
 B - a potion of flight {unknown}
 E - a potion of mutation {unknown}
 H - 3 potions of resistance {unknown}
 O - a potion of cancellation {unknown}


   Skills:
 - Level 10.7 Fighting
 - Level 1.5 Dodging
 - Level 5.0 Stealth
 + Level 4.1 Spellcasting
 + Level 9.0 Conjurations
 - Level 0.7 Transmutations
 + Level 10.9 Earth Magic
 + Level 4.2 Invocations


You had 14 spell levels left.
You knew the following spells:

 Your Spells              Type           Power      Damage    Failure   Level
a - Sandblast             Erth           100%       2d20      1%          1
b - Stone Arrow           Conj/Erth      100%       3d13      1%          3

Your spell library contained the following spells:

 Spells                   Type           Power      Damage    Failure   Level
 Passwall                 Tmut/Erth      29%        N/A       1%          2
 Petrify                  Tmut/Erth      35%        N/A       8%          4
 Leda's Liquefaction      Hex/Erth       16%        N/A       9%          4
 Wereblood                Tmut           9%         N/A       10%         2
 Scorch                   Fire           10%        2d5       13%         2
 Flame Wave               Conj/Fire      28%        2d8       13%         4
 Call Canine Familiar     Summ           5%         N/A       26%         3
 Confusing Touch          Hex            5%         N/A       26%         3
 Gell's Gravitas          Tloc           5%         N/A       26%         3
 Portal Projectile        Hex/Tloc       10%        N/A       26%         3
 Teleport Other           Tloc           5%         N/A       26%         3
 Irradiate                Conj/Tmut      15%        3d18      32%         5
 Anguish                  Hex/Necr       2%         N/A       63%         4
 Yara's Violent Unravell  Hex/Tmut       3%         3d4       90%         5
 Dispersal                Tloc           2%         N/A       100%        6
 Summon Cactus Giant      Summ           2%         N/A       100%        6
 Enfeeble                 Hex            2%         N/A       100%        7
 Summon Hydra             Summ           2%         N/A       100%        7
 Sublimation of Blood     Necr           Unusable   N/A       N/A         2

Dungeon Overview and Level Annotations

Branches:
Dungeon (10/15)            Temple (1/1) D:6            Lair (0/6) D:10
Ossuary (visited)          Bailey (visited)
    Orc: D:9-12

Altars:
Ashenzari
Cheibriados
Dithmenos
Elyvilon
Fedhas
Gozag
Hepliaklqana
Kikubaaqudgha
Makhleb
Nemelex Xobeh
Okawaru
Qazlal
Ru
Sif Muna
Trog
Uskayaw
Vehumet
Wu Jian
Xom
Yredelemnul
Zin
The Shining One

Shops:
D:4 [


Innate Abilities, Weirdness & Mutations

You are immune to sickness and miasma.
Your stone body is resilient. (AC +8)
You are immune to poison.
You resist negative energy. (rN+)
You are resistant to electric shocks. (rElec)
You are resistant to unholy torment.
You are immune to petrification.


Message History

You hit something. Something hits you but does no damage. Something bites you.
You miss something. Something hits you. Something bites you but does no damage.
You closely miss something. Something hits you but does no damage.
Something bites you but does no damage.
You barely miss something. Something hits you but does no damage.
Something bites you.
Aiming: Sandblast (safe; 1% risk of failure)
Press: ? - help, Q - select action, (/) - cycle Shift-Dir - straight line, f - you That would be overly suicidal.
Okay, then.
Aiming: Sandblast (safe; 1% risk of failure)
Press: ? - help, Q - select action, (/) - cycle Shift-Dir - straight line The blast of sand hits something but does no damage.
Something hits you. Something bites you but does no damage. Something hits you!
Something bites you.
* * * LOW HITPOINT WARNING * * *
Casting: Sandblast (safe; 1% risk of failure)
Confirm with . or Enter, or press ? or * to list all spells.
You can't see any susceptible monsters within range! (Use Z to cast anyway.)
You closely miss something. Something hits you!
* * * LOW HITPOINT WARNING * * *
Something bites you but does no damage.
Casting: Sandblast (safe; 1% risk of failure)
Confirm with . or Enter, or press ? or * to list all spells.
Aiming: Stone Arrow (safe; 1% risk of failure)
Press: ? - help, Shift-Dir - straight line Something hits you but does no damage.
Something bites you but does no damage.
Casting: Stone Arrow (safe; 1% risk of failure)
Confirm with . or Enter, or press ? or * to list all spells.
You don't know that spell.
You miss something. Something hits you.
* * * LOW HITPOINT WARNING * * *
Something bites you.
* * * LOW HITPOINT WARNING * * *
Casting: Stone Arrow (safe; 1% risk of failure)
Confirm with . or Enter, or press ? or * to list all spells.
Aiming: Stone Arrow (safe; 1% risk of failure)
Press: ? - help, Shift-Dir - straight line Something hits you but does no damage.
Something bites you.
You die...

###.#### # .....##
#.####.#.## .........##
##### #.......
#...####..###....##
#.......# ##.#.##
#..{####..####.#.##
##@## #........## #..#
######'#### ##.#
##...## #.## ##.....##
#..## ##.......#
##...####.........
#.......+.........
#######...####.........
#........## ##.......#


There were no monsters in sight!

Vanquished Creatures
  A two-headed ogre (D:9)
  An elephant (D:10)
  Sigmund (D:4)
  2 wyverns (D:10)
  6 yaks
  2 steam dragons
  Menkaure (D:7)
  A water moccasin (D:7)
  3 ice beasts
  Duvessa (D:6)
  2 black bears
  A sky beast (D:7)
  5 orc warriors
  An ogre (D:5)
  A centaur (D:7)
  2 phantoms
  2 kobold brigands (D:6)
  3 bullfrogs (D:8)
  A necrophage (D:6)
  2 scorpions
  8 wights
  Dowan (D:6)
  19 killer bees
  A howler monkey (D:8)
  2 jellies (D:5)
  2 lava snakes (D:7)
  6 quasits (D:6)
  5 orc priests
  A hound (D:5)
  A gnoll shaman (D:9)
  5 iguanas
  6 orc wizards
  12 mummies (Ossuary)
  8 gnolls
  6 adders
  9 shadow imps (D:6)
  8 white imps
  6 ufetubi
  A worm (D:2)
  47 orcs
  7 ball pythons
  2 bats
  8 endoplasms
  6 giant cockroaches
  10 goblins
  9 hobgoblins
  2 jackals (D:3)
  2 quokkas
  2 frilled lizards
  4 gnoll skeletons (Ossuary)
  A goblin skeleton (Ossuary)
  12 kobolds
  3 kobold skeletons (Ossuary)
  5 rats
  11 rat skeletons (Ossuary)
  A spectral kobold (D:1)
278 creatures vanquished.

Vanquished Creatures (others)
  13 demonic plants (D:6)
  3 plants (D:9)
16 creatures vanquished.

Grand Total: 294 creatures vanquished

Notes
Turn   | Place    | Note
-------+----------+-------------------------------------------
     0 | D:1      | crusatyr the Gargoyle Earth Elementalist began the quest
                  | for the Orb.
     0 | D:1      | Reached XP level 1. HP: 10/10 MP: 3/3
   241 | D:1      | Reached XP level 2. HP: 15/15 MP: 3/5
   461 | D:1      | Found a faded altar of an unknown god.
   641 | D:1      | Reached XP level 3. HP: 12/19 MP: 4/6
  1264 | D:2      | Learned a level 3 spell: Stone Arrow
  1349 | D:2      | Reached XP level 4. HP: 24/24 MP: 5/7
  2970 | D:4      | Reached skill level 5 in Stealth
  3148 | D:4      | Found Upsibrao's Antique Armour Emporium.
  3156 | D:4      | Bought an embroidered robe for 111 gold pieces
  3287 | D:4      | Reached XP level 5. HP: 28/28 MP: 6/8
  3292 | D:4      | Reached skill level 1 in Conjurations
  3616 | D:4      | Reached skill level 5 in Earth Magic
  3732 | D:4      | Reached XP level 6. HP: 32/32 MP: 6/9
  3912 | D:4      | Noticed Sigmund
  4042 | D:5      | Entered Level 5 of the Dungeon
  4045 | D:5      | Found an ornate altar of the Wu Jian Council.
  4429 | D:5      | Reached XP level 7. HP: 32/36 MP: 5/10
  4816 | D:5      | Reached skill level 5 in Conjurations
  5181 | D:5      | Reached XP level 8. HP: 41/41 MP: 8/11
  5539 | D:6      | Noticed Duvessa
  5540 | D:6      | Noticed Dowan
  5969 | D:6      | Found a sand-covered staircase.
  5976 | Ossuary  | Entered an ossuary
  6713 | D:6      | Reached XP level 9. HP: 28/45 MP: 5/12
  6829 | D:6      | Reached skill level 1 in Fighting
  6872 | D:6      | Killed Duvessa
  6873 | D:6      | Killed Dowan
  7241 | D:6      | Found a staircase to the Ecumenical Temple.
  7539 | D:6      | Reached skill level 5 in Fighting
  7711 | D:7      | Found a shadowy altar of Dithmenos.
  7779 | Temple   | Entered the Ecumenical Temple
  7866 | Temple   | Became a worshipper of Sif Muna the Loreminder
  8038 | D:4      | Killed Sigmund
  8953 | D:7      | Noticed Menkaure
  8958 | D:7      | Killed Menkaure
  8959 | D:7      | Reached XP level 10. HP: 65/65 MP: 9/13
  9285 | D:7      | Found a burning altar of Makhleb.
  9286 | D:7      | Found an opulent altar of Gozag.
  9339 | D:8      | Reached * piety under Sif Muna
  9347 | D:8      | Reached skill level 10 in Fighting
 10021 | D:9      | Found a flagged portal.
 10063 | Bailey   | Entered a bailey
 10115 | Bailey   | Reached ** piety under Sif Muna
 10862 | Bailey   | Reached skill level 1 in Invocations
 11104 | D:9      | Reached skill level 10 in Earth Magic
 11332 | D:9      | Found a bloodstained altar of Trog.
 11356 | D:9      | Identified the +0 robe of Hac Neyll {-Cast rF+++ Regen+
                  | SInv}
 11361 | D:9      | Noticed a two-headed ogre
 11505 | D:9      | Found a radiant altar of Vehumet.
 11569 | D:9      | Killed a two-headed ogre
 12013 | D:9      | Reached XP level 11. HP: 73/73 MP: 14/16
 12152 | D:10     | Entered Level 10 of the Dungeon
 12252 | D:10     | Found a staircase to the Lair.
 12579 | D:10     | Noticed a two-headed ogre
 12808 | D:10     | HP: 3/73 [something (3)]
 12809 | D:10     | Slain by a vampire

Illustrated notes

Levels and vault maps discovered:
D:1:      dpeg_arrival_houses_and_road, layout_basic,
          dreamdust_ecumenical_altar_drowned_temple
D:2:      layout_basic
D:3:      layout_loops_ring, dreamdust_mushroom_princess, minmay_between
D:4:      layout_basic, serial_shops, shop, kennysheep_cross_room,
          hangedman_decor_slide_cut, uniq_sigmund
D:5:      layout_basic, nzn_wu_jian_contemplation
D:6:      layout_basic, minmay_temple_entry_poolview, serial_demonic,
          serial_demonic_g, serial_demonic_e, serial_demonic_c,
          serial_demonic_f, serial_demonic_d, serial_demonic_a,
          serial_demonic_f, serial_demonic_c, serial_demonic_e,
          serial_demonic_g, chequers_ossuary_entry_cave, chequers_jeans,
          uniq_duvessa
D:7:      layout_basic, minitemple, grunt_decor_junction,
          minmay_stone_trees_medium, minmay_misc_feat_plants, hex_large,
          nicolae_fountain_basement, uniq_menkaure
D:8:      layout_gridville
D:9:      layout_basic, mainiacjoe_overflow_catwalk_spiral, enter_bailey_4,
          serial_bayou_pond_a
D:10:     old_forge, layout_loops_corners, david_lair_generic,
          minmay_misc_feat_tower, grunt_decor_cap
Temple:   nicolae_temple_x_marks_the_god

Skill      XL: |  1  2  3  4  5  6  7  8  9 10 11 |
---------------+----------------------------------+-----
Stealth        | 3 4 5 |  5.0
Earth Magic    | 4 5 6 7 9 10 | 10.9
Conjurations   | 2 3 5 7 8 9 |  9.0
Fighting       | 8 10 | 10.7
Invocations    | 3 4 |  4.2
Spellcasting   | 3 4 |  4.1
Dodging        | |  1.5
Transmutations | |  0.7

Action                   |  1- 3 |  4- 6 |  7- 9 | 10-12 || total
-------------------------+-------+-------+-------+-------++-------
Melee: Unarmed           |     4 |       |       |       ||     4
       Dagger            |    13 |    10 |       |    11 ||    34
Throw: Stone             |       |       |     2 |       ||     2
 Cast: Sandblast         |    35 |    86 |   202 |   147 ||   470
       Stone Arrow       |       |       |     8 |    13 ||    21
  Use: Scroll            |       |       |     3 |     1 ||     4
       Potion            |       |       |       |     2 ||     2
 Stab: Sleeping          |     2 |     5 |       |       ||     7
Armor: Robe              |    13 |    19 |   109 |   102 ||   243
Dodge: Dodged            |    18 |    48 |   140 |   102 ||   308

Table legend: (Time is in decaauts)
 A = Elapsed time spent in this place.
 B = Non-inter-level travel time spent in this place.
 C = Inter-level travel time spent in this place.
 D = Time resting spent in this place.
 E = Time spent auto-exploring this place.
 F = Levels seen in this place.
 G = Mean time per level.
                   A        B        C        D        E       F      G
               +--------+--------+--------+--------+--------+-----+--------+
         Total |  13265 |  12662 |    603 |   1937 |   7840 |  13 | 1020.4 |
       Dungeon |  11438 |  10844 |    594 |   1342 |   7032 |  10 | 1143.8 |
        Temple |     97 |     88 |      9 |      0 |     38 |   1 |   97.0 |
       Ossuary |    679 |    679 |      0 |     47 |    484 |   1 |  679.0 |
        Bailey |   1050 |   1050 |      0 |    548 |    286 |   1 | 1050.0 |
               +--------+--------+--------+--------+--------+-----+--------+

Top non-repeatable levels by time:
     D:5: 1807 daAuts
     D:6: 1473 daAuts
     D:4: 1295 daAuts
     D:9: 1285 daAuts
     D:7: 1267 daAuts
  Bailey: 1050 daAuts
     D:2: 1029 daAuts
     D:3: 1015 daAuts
     D:1: 997 daAuts
     D:8: 693 daAuts
 Ossuary: 679 daAuts
    D:10: 572 daAuts
  Temple: 97 daAuts
